 Dungeon Crawl Stone Soup version 0.30-a0-972-gf3ab3527aa (webtiles) character file.

Game seed: 14324483234710235288

341 sanka the Stinger (level 6, -2/36 HPs)
             Began as an Octopode Venom Mage on Mar 31, 2023.
             Slain by a black bear (8 damage)
             ... on level 4 of the Dungeon.
             The game lasted 00:11:06 (3401 turns).

sanka the Stinger (Octopode Venom Mage)             Turns: 3401, Time: 00:11:07

Health: -2/36      AC:  1    Str:  8    XL:     6   Next: 56%
Magic:  6/10       EV: 14    Int: 19    God:
Gold:   120        SH:  0    Dex: 12    Spells: 8/11 levels left

rFire   . . .      SeeInvis .    d - +1 whip (holy)
rCold   . . .      Faith    .    (no shield)
rNeg    . . .      Spirit   .    (helmet restricted)
rPois   .          Reflect  .    p - amulet of magic regeneration
rElec   .          Rampage  .    (no ring)
rCorr   .                        (no ring)
Will    .....                    (no ring)
Stlth   +++                      (no ring)
HPRegen 0.26/turn                (no ring)
MPRegen 0.52/turn                (no ring)
                                 (no ring)
                                 (no ring)

@: no status effects
A: almost no armour, amphibious, 8 rings, camouflage 1, gelatinous body 1,
(nimble swimmer 1), tentacles
a: no special abilities


You were on level 4 of the Dungeon.
You visited 1 branch of the dungeon, and saw 4 of its levels.

You collected 120 gold pieces.


Innate Abilities, Weirdness & Mutations

You cannot wear most types of armour.
You are amphibious.
You can wear up to eight rings at the same time.
Your skin changes colour to match your surroundings (Stealth+).
Your rubbery body absorbs attacks. (AC +1, EV +1)
((You are camouflaged when in or above water. (Stealth+)))
You have tentacles for arms and can constrict up to eight enemies at once.


   Skills:
 - Level 4.0 Dodging
 - Level 2.6 Stealth
 - Level 3.0 Spellcasting
 - Level 1.0 Transmutations
 + Level 3.3 Air Magic
 + Level 5.2 Poison Magic


You had 8 spell levels left.
You knew the following spells:

 Your Spells              Type           Power      Damage    Failure   Level
y - Poisonous Vapours     Pois/Air       38%        N/A       4%          2
z - Sting                 Tmut/Pois      56%        1d5       4%          1

Your spell library contained the following spells:

 Spells                   Type           Power      Damage    Failure   Level
 Mephitic Cloud           Conj/Pois/Air  13%        N/A       14%         3
 Olgreb's Toxic Radiance  Pois           22%        N/A       17%         4
 Lesser Beckoning         Tloc           4%         N/A       22%         2
 Gell's Gravitas          Tloc           2%         N/A       41%         3
 Teleport Other           Tloc           2%         N/A       41%         3

Inventory:

Hand Weapons
 d - a +1 whip of holy wrath (weapon)
 o - a +0 trident
 r - a +3 quarterstaff of chaos
Jewellery
 p - an amulet of magic regeneration (around mantle)
Scrolls
 c - a scroll of amnesia {unknown}
 h - 3 scrolls of teleportation {unknown}
 i - a scroll of fear {unknown}
 j - 3 scrolls of enchant weapon {unknown}
 k - a scroll of identify {unknown}
 m - a scroll of noise {unknown}
 q - a scroll of enchant armour {unknown}
Potions
 a - a potion of magic
 b - 2 potions of curing {unknown}
 e - 2 potions of might {unknown}
 f - a potion of flight {unknown}
 g - a potion of haste {unknown}
 l - 4 potions of lignification {unknown}
 n - a potion of cancellation {unknown}

Dungeon Overview and Level Annotations

Branches:
Dungeon (4/15)
 Temple: D:4-7

Altars:

Shops:
D:1 : D:2

! ▒... ▒▒▒▒▒ +...
.... ▒... ...
▒...▒..▒ ▒▒▒......
▒.......
▒....▒▒▒▒▒▒▒▒▒▒▒▒▒
▒Shx...▒▒.....▒
▒.▒▒▒▒.▒▒.▒▒▒.▒
▒....▒.▒......▒
.....▒....▒...▒
.........▒.▒.▒.▒
▒.........'...▒.▒
▒▒........▒...▒.▒
.......▒▒▒...▒.▒
▒▒▒▒▒▒.▒▒▒.....▒


You could see a black bear (very poisoned) and an adder.


Message History

Aim: a black bear Poisonous vapours surround the black bear!
The black bear is poisoned.
The black bear bites you. The black bear closely misses you.
The black bear claws you.
Aiming: Poisonous Vapours (safe; 4% risk of failure)
Aim: a black bear (lightly wounded, poisoned) Poisonous vapours surround the black bear!
The black bear looks even sicker.
The black bear bites you.
* * * LOW HITPOINT WARNING * * *
The black bear barely misses you.
The black bear claws you but does no damage.
Unknown command.
Aiming: Poisonous Vapours (safe; 4% risk of failure)
Aim: a black bear (moderately wounded, very poisoned) Poisonous vapours surround the black bear!
The black bear looks even sicker.
The black bear bites you!
* * * LOW HITPOINT WARNING * * *
The black bear barely misses you. The black bear claws you.
* * * LOW HITPOINT WARNING * * *
You hit the black bear but do no damage.
You grab the black bear.
The black bear is moderately wounded.
You constrict the black bear. The black bear bites you!
You die...

Action                     |  1- 3 |  4- 6 || total
---------------------------+-------+-------++-------
  Melee: Unarmed           |     3 |       ||     3
         Tentacles         |     4 |     2 ||     6
         Whip              |    26 |    26 ||    52
         Constrict         |     4 |     8 ||    12
         Punch             |       |     1 ||     1
   Cast: Sting             |    55 |    28 ||    83
         Poisonous Vapours |       |    16 ||    16
 Armour: Skin              |     8 |     5 ||    13
  Dodge: Dodged            |    23 |    32 ||    55

Levels and vault maps discovered:
D:1:      evilmike_arrival_plus, layout_loops_ring, serial_shops,
          nicolae_shop_trees
D:2:      layout_loops_cross, serial_shops, nicolae_shop_advertising_works
          [nicolae_subvault_shop_adworks], minmay_tall_x
D:3:      kennysheep_six_static_rooms, layout_basic, basic_ecumenical_altar,
          uniq_sigmund, uniq_crazy_yiuf_cottage
D:4:      layout_basic, uniq_menkaure

Notes
Turn   | Place    | Note
-------+----------+-------------------------------------------
     0 | D:1      | sanka the Octopode Venom Mage began the quest for the Orb.
     0 | D:1      | Reached XP level 1. HP: 11/11 MP: 3/3
    94 | D:1      | HP: 1/11 [frozen (5)]
   250 | D:1      | Reached skill level 4 in Poison Magic
   271 | D:1      | Found Reozink's Book Emporium.
   358 | D:1      | Reached XP level 2. HP: 17/17 MP: 1/5
   555 | D:1      | Learned a level 2 spell: Poisonous Vapours
  1078 | D:2      | Reached skill level 1 in Air Magic
  1078 | D:2      | Reached XP level 3. HP: 19/21 MP: 2/7
  1271 | D:2      | Found Gekemu's Distillery.
  1520 | D:2      | Reached skill level 3 in Spellcasting
  2155 | D:3      | Reached skill level 2 in Air Magic
  2193 | D:3      | Reached XP level 4. HP: 27/27 MP: 4/8
  2467 | D:3      | Found a faded altar of an unknown god.
  2770 | D:3      | Noticed Sigmund
  2788 | D:3      | Killed Sigmund
  2789 | D:3      | Reached skill level 3 in Air Magic
  2789 | D:3      | Reached skill level 5 in Poison Magic
  2789 | D:3      | Reached skill level 3 in Dodging
  2789 | D:3      | Reached XP level 5. HP: 28/31 MP: 1/9
  2789 | D:3      | Reached XP level 6. HP: 33/36 MP: 1/10
  3033 | D:3      | Reached skill level 4 in Dodging
  3274 | D:3      | Found a runed translucent door.
  3275 | D:3      | Noticed Crazy Yiuf
  3286 | D:3      | Killed Crazy Yiuf
  3392 | D:4      | Noticed a black bear
  3401 | D:4      | Slain by a black bear

Vanquished Creatures
  Sigmund (D:3)
  A hound (D:3)
  Crazy Yiuf (D:3)
  An iguana (D:4)
  4 adders
  3 worms
  A dart slug (D:3)
  4 orcs (D:3)
  6 ball pythons
  5 endoplasms
  2 giant cockroaches
  A goblin (D:3)
  4 hobgoblins (D:1)
  A quokka (D:1)
  4 bats
  3 frilled lizards
  8 kobolds
  2 rats
52 creatures vanquished.
